AoeStats
← willrhyd

Black Forest

510351352Analyzed
3v3 RM · 20h ago on Sep 30, 2026· 41m 53s· 6 players
Game mode
Random Map
Map size
Normal (6 player)
Population
200
Speed
Normal
Resources
Standard
Victory
Conquest
Starting age
Dark Age
Ending age
Imperial Age
RankedLock teamsTeams togetherTeam positionsShared explorationLock speedFull tech treeHidden civsTurbo modeCheats
Victory
Defeat
🇳🇱 Britons · Netherlands
1526
+12
🇳🇱 Georgians · Netherlands
1498
+13
🇳🇱 Ethiopians · Netherlands
1346
+20
🇺🇸 Mongols · United States
1467
-16
🇬🇧 Persians · United Kingdom
1435
-15
🇫🇷 Britons · France
1412
-14
willrhyd
1:13 Loom
1:17 Loom
11:13 Feudal Age
14:56 Castle Age
12:43 Double-Bit Axe
14:25 Horse Collar
15:55 Bow Saw
18:37 Town Watch
23:04 Heavy Plow
24:25 Fletching
25:16 Wheelbarrow
28:35 Imperial Age
26:39 Padded Archer Armor
26:35 Bodkin Arrow
26:49 Scale Barding Armor
27:28 Hand Cart
27:34 Forging
27:47 Ballistics
28:05 Husbandry
28:15 Bloodlines
30:11 Chemistry
29:23 Kamandaran
29:44 Conscription
30:35 Two-Man Saw
29:03 Crossbowman
31:01 Thumb Ring
30:29 Cavalier
34:21 Savar
37:55 Padded Archer Armor
antorse31
0:33 Loom
6:38 Loom
9:33 Feudal Age
10:32 Double-Bit Axe
12:53 Fletching
15:56 Wheelbarrow
19:32 Castle Age
19:07 Horse Collar
20:28 Bow Saw
20:36 Heavy Plow
22:05 Stone Mining
27:38 Hand Cart
31:32 Imperial Age
29:22 Bodkin Arrow
30:02 Gold Mining
30:43 Masonry
30:55 Ballistics
31:37 Yeomen
32:37 Conscription
32:20 Bracer
32:59 Architecture
34:08 Warwolf
36:10 Elite Longbowman
36:52 Padded Archer Armor
38:35 Chemistry
39:19 Leather Archer Armor
40:08 Chemistry
42:18 Siege Engineers
Monotone
5:03 Loom
10:41 Feudal Age
14:23 Castle Age
12:28 Double-Bit Axe
12:27 Horse Collar
15:48 Bow Saw
17:32 Heavy Plow
21:17 Gold Mining
21:54 Stone Mining
23:09 Wheelbarrow
23:25 Fletching
24:29 Stone Shaft Mining
24:04 Bodkin Arrow
25:14 Bloodlines
25:04 Husbandry
25:34 Padded Archer Armor
25:58 Husbandry
27:07 Thumb Ring
27:22 Leather Archer Armor
27:35 Ballistics
28:48 Hand Cart
32:02 Imperial Age
30:55 Gold Shaft Mining
32:45 Bracer
32:09 Onager
32:54 Elite Mangudai
35:06 Chemistry
34:16 Siege Engineers
35:03 Parthian Tactics
34:52 Siege Onager
36:33 Drill
38:08 Heavy Cavalry Archer
pac.Etwin O' Fliguter
1:22 Loom
11:29 Feudal Age
12:28 Double-Bit Axe
12:48 Horse Collar
15:21 Castle Age
16:12 Bow Saw
16:03 Heavy Plow
18:03 Town Watch
22:01 Wheelbarrow
27:44 Imperial Age
26:08 Gold Mining
26:11 Stone Mining
27:47 Hand Cart
27:15 Pikeman
27:56 Scale Mail Armor
28:04 Squires
27:51 Halberdier
29:04 Crop Rotation
28:30 Arson
29:02 Chain Mail Armor
29:55 Conscription
29:43 Svan Towers
29:05 Onager
29:58 Siege Engineers
30:51 Plate Mail Armor
31:52 Fortified Wall
31:54 Masonry
32:05 Ballistics
32:46 Chemistry
31:21 Siege Onager
32:18 Capped Ram
34:09 Architecture
35:41 Chemistry
34:22 Treadmill Crane
34:50 Scale Barding Armor
34:58 Forging
34:39 Siege Ram
35:52 Aznauri Cavalry
36:26 Iron Casting
36:28 Bloodlines
36:19 Husbandry
36:07 Light Cavalry
37:10 Scale Barding Armor
38:26 Guard Tower
39:01 Fletching
39:49 Bodkin Arrow
41:04 Bracer
42:06 Keep
41:49 Padded Archer Armor
pac.Age2o
1:11 Loom
10:02 Feudal Age
10:48 Double-Bit Axe
20:17 Castle Age
18:16 Horse Collar
18:27 Gold Mining
21:37 Bow Saw
21:47 Heavy Plow
23:18 Wheelbarrow
22:46 Stone Mining
23:32 Gold Shaft Mining
29:49 Imperial Age
27:56 Fletching
28:37 Bodkin Arrow
30:08 Ballistics
30:31 Hand Cart
30:38 Bracer
31:51 Padded Archer Armor
32:52 Chemistry
32:42 Conscription
32:30 Caravan
33:24 Siege Engineers
35:38 Hoardings
35:18 Masonry
35:22 Crossbowman
36:24 Padded Archer Armor
36:00 Arbalester
37:35 Leather Archer Armor
37:43 Warwolf
37:05 Elite Longbowman
38:25 Elite Longbowman
39:08 Town Watch
40:21 Architecture
41:03 Elite Skirmisher
42:17 Caravan
pac.Padawan NL
10:37 Feudal Age
11:47 Double-Bit Axe
14:31 Castle Age
13:29 Horse Collar
15:40 Bow Saw
17:07 Heavy Plow
17:58 Wheelbarrow
21:56 Hand Cart
23:04 Gold Mining
27:49 Imperial Age
27:22 Squires
27:08 Arson
27:24 Scale Mail Armor
27:34 Forging
28:35 Gold Shaft Mining
27:50 Onager
29:35 Chemistry
28:01 Halberdier
30:02 Chain Mail Armor
30:23 Iron Casting
31:54 Plate Mail Armor
32:48 Stone Mining
34:24 Blast Furnace
38:27 Coinage
38:13 Torsion Engines
38:33 Conscription
43:12 Two-Man Saw
Connection lost

Rejoining the realm…

Still unreachable

The connection could not be restored.

Session expired

The server has moved on; the page needs a fresh start.